 Dungeon Crawl Stone Soup version 0.29-a0-414-g5075937ec3 (webtiles) character file.

Game seed: 3813665669643939465

234 xian the Ducker (level 5, -2/49 HPs)
             Began as a Troll Enchanter on May 16, 2022.
             Was a Believer of Nemelex Xobeh.
             Slain by a goblin
             ... wielding a +0 dagger
             ... led by Robin
              (3 damage)
             ... on level 3 of the Dungeon.
             The game lasted 00:12:12 (1521 turns).

xian the Ducker (Troll Enchanter)                   Turns: 1521, Time: 00:12:13

Health: -2/49      AC:  4    Str: 16    XL:     5   Next: 75%
Magic:  5/6        EV: 10    Int: 13    God:    Nemelex Xobeh [**....]
Gold:   120        SH:  0    Dex: 10    Spells: 6/7 levels left

rFire   + . .      SeeInvis .   a - +2 dagger
rCold   . . .      Faith    .   (no shield)
rNeg    . . .      Spirit   .   b - +0 robe
rPois   .          Reflect  .   (helmet currently unavailable)
rElec   .          Harm     .   (no cloak)
rCorr   .          Rampage  .   (gloves unavailable)
Will    .....                   (boots unavailable)
Stlth   ++........              (no amulet)
HPRegen 0.96/turn               o - ring of protection from fire
MPRegen 0.10/turn               (no ring)

@: appendages (expiring), invisible
A: horns 2, talons 2, large, unfitting armour, claws 3, regeneration 1, shaggy
fur 1, tough skin 1
a: End Transformation, Renounce Religion, Draw Escape, Draw Destruction, Draw
Summoning


You were on level 3 of the Dungeon.
You worshipped Nemelex Xobeh.
Nemelex Xobeh was pleased with you.
You had temporarily grown beastly horns and talons.
You visited 1 branch of the dungeon, and saw 3 of its levels.

You collected 120 gold pieces.

Inventory:

Hand Weapons
 a - a +2 dagger (weapon)
Armour
 b - a +0 robe (worn)
Magical Staves
 g - a staff of poison
Jewellery
 o - a ring of protection from fire (left claw)
Wands
 j - a wand of flame (16)
Scrolls
 e - a scroll of blinking {unknown}
 h - a scroll of enchant weapon
 k - a scroll of identify
Potions
 c - a potion of invisibility
 d - a potion of resistance {unknown}
 f - a potion of mutation {unknown}
 i - a potion of might
 l - a potion of flight {unknown}
 m - a potion of curing {unknown}
 p - a potion of attraction {unknown}


   Skills:
 + Level 1.6 Fighting
 + Level 2.0 Short Blades
 + Level 2.8 Dodging
 + Level 2.1 Stealth
 + Level 1.6 Spellcasting
 + Level 2.3 Hexes


You had 6 spell levels left.
You knew the following spells:

 Your Spells              Type           Power      Damage    Failure   Level
a - Beastly Appendage     Tmut           2%         N/A       26%         1

Your spell library contained the following spells:

 Spells                   Type           Power      Damage    Failure   Level
 Ensorcelled Hibernation  Hex/Ice        8%         N/A       24%         2
 Confusing Touch          Hex            7%         N/A       30%         3
 Tukima's Dance           Hex            7%         N/A       30%         3
 Wereblood                Tmut           1%         N/A       38%         2
 Dazzling Flash           Conj/Hex       8%         N/A       43%         3
 Gell's Gravitas          Tloc           1%         N/A       63%         3
 Spider Form              Tmut/Pois      1%         N/A       63%         3
 Teleport Other           Tloc           1%         N/A       63%         3
 Dispersal                Tloc           0%         N/A       100%        6


Dungeon Overview and Level Annotations

Branches:
Dungeon (3/15)

Altars:
Nemelex Xobeh

Shops:
D:2 [


Innate Abilities, Weirdness & Mutations

You have temporarily grown beastly horns and talons.
You are too large for most types of armour.
You have claws for hands.
Your natural rate of healing is unusually fast.
You are covered in fur. (AC +1)
You have tough skin. (AC +1)


Message History

The sling bullet hits you but does no damage.
You hit Robin but do no damage.
Robin is severely wounded.
Robin barely misses you. The goblin barely misses you. x2
The rat bites you but does no damage. The goblin hits you but does no damage.
The goblin shoots a sling bullet.
The sling bullet hits you.
* * * LOW HITPOINT WARNING * * *
Robin hits you with a +0 dagger.
* * * LOW HITPOINT WARNING * * *
Okay, then.
You draw a card...
You have drawn Exile.
The goblin is devoured by a tear in reality.
The deck of cards disappears without a trace.
The goblin barely misses you. The rat bites you.
* * * LOW HITPOINT WARNING * * *
The goblin hits you but does no damage. Robin hits you with a +0 dagger.
* * * LOW HITPOINT WARNING * * *
The goblin shoots a sling bullet.
The sling bullet closely misses you.
You hit Robin. You claw Robin.
You kill Robin!
The goblin hits you but does no damage. The goblin closely misses you.
The rat barely misses you.
The goblin shoots a sling bullet.
The sling bullet closely misses you.
As you read the scroll labelled IFOUT WUTHES ODWE, it crumbles to dust.
It is a scroll of enchant weapon.
Your +1 dagger glows red for a moment.
The goblin hits you but does no damage. The rat bites you but does no damage.
The goblin hits you with a +0 club.
* * * LOW HITPOINT WARNING * * *
The goblin shoots a sling bullet.
The sling bullet closely misses you.
Unknown command.
As you read the scroll labelled NULIFI QYONKO, it crumbles to dust.
It is a scroll of identify.
i - a potion of might The rat closely misses you.
The goblin hits you but does no damage. x2
You fade into invisibility!
The rat bites you.
* * * LOW HITPOINT WARNING * * *
The goblin hits you with a +0 dagger.
You die...
Your body glows slightly and disappears.

. #................. ..
####.............. ...
####...#.#)†.>..... ....
###........#......###
g....####........###.##.#.#
...............).# #.# ...#
g.....(((...†....# #.# #..#
.....###....§§g).# #.# ...#
.r. .....##..r@..# #.# ...
. ...###....gg..# #.# ...
...#......# #.# ..
####......# #.. . ########
##.


You could see 3 goblins and a rat (can't see you).

Vanquished Creatures
  Sigmund (D:2)
  Robin (D:3)
  2 adders
  4 ball pythons
  An endoplasm (D:1)
  A giant cockroach (D:2)
  9 goblins
  7 hobgoblins
  2 jackals (D:2)
  2 quokkas
  3 bats
  A frilled lizard (D:1)
  3 kobolds
  2 rats (D:1)
39 creatures vanquished.

Vanquished Creatures (collateral kills)
  A hobgoblin (D:1)
  A quokka (D:1)
2 creatures vanquished.

Grand Total: 41 creatures vanquished

Notes
Turn   | Place    | Note
-------+----------+-------------------------------------------
     0 | D:1      | xian the Troll Enchanter began the quest for the Orb.
     0 | D:1      | Reached XP level 1. HP: 16/16 MP: 1/1
   166 | D:1      | Found a faded altar of an unknown god.
   199 | D:1      | Prayed at the altar of an unknown god.
   199 | D:1      | Became a worshipper of Nemelex Xobeh the Trickster
   199 | D:1      | Reached * piety under Nemelex Xobeh
   225 | D:1      | Received a gift from Nemelex Xobeh
   327 | D:1      | Reached XP level 2. HP: 24/24 MP: 2/2
   509 | D:1      | Reached ** piety under Nemelex Xobeh
  1005 | D:2      | Noticed Sigmund
  1010 | D:2      | Killed Sigmund
  1011 | D:2      | Reached skill level 1 in Fighting
  1011 | D:2      | Reached skill level 1 in Short Blades
  1011 | D:2      | Reached XP level 3. HP: 32/33 MP: 4/4
  1011 | D:2      | Reached XP level 4. HP: 40/41 MP: 5/5
  1011 | D:2      | Reached XP level 5. HP: 46/48 MP: 6/6
  1013 | D:2      | Learned a level 1 spell: Beastly Appendage
  1127 | D:2      | Found Duezerho's Armour Shoppe.
  1488 | D:3      | Noticed Robin
  1517 | D:3      | HP: 2/49 [Robin/+0 dagger (1)]
  1518 | D:3      | Killed Robin
  1521 | D:3      | Slain by a goblin

Illustrated notes

Levels and vault maps discovered:
D:1:      lordsloth_arrival_two_stooges, layout_basic, basic_ecumenical_altar
D:2:      layout_rooms, serial_shops, shop_fountains, kennysheep_cross_room,
          uniq_sigmund
D:3:      layout_rooms, mainiacjoe_overflow_small_starburst, uniq_jessica,
          uniq_crazy_yiuf_cottage, uniq_robin

Skill      XL: |  1  2  3  4  5 |
---------------+----------------+-----
Dodging        | 2 |  2.8
Fighting       | 1 |  1.6
Short Blades   | 1 2 |  2.0
Stealth        | 2 |  2.1
Spellcasting   | |  1.6
Hexes          | |  2.3

Action                   |  1- 3 |  4- 6 || total
-------------------------+-------+-------++-------
Melee: Dagger            |    93 |    86 ||   179
       Kick              |       |     5 ||     5
       Headbutt          |       |     1 ||     1
Throw: Dart              |       |     6 ||     6
 Cast: Beastly Appendage |       |     2 ||     2
Invok: Draw Destruction  |     2 |       ||     2
       Draw Summoning    |     1 |       ||     1
       Draw Escape       |       |     1 ||     1
  Use: Scroll            |       |     2 ||     2
       Potion            |       |     1 ||     1
Armor: Robe              |    40 |    53 ||    93
Dodge: Dodged            |    63 |    63 ||   126

Table legend: (Time is in decaauts)
 A = Elapsed time spent in this place.
 B = Non-inter-level travel time spent in this place.
 C = Inter-level travel time spent in this place.
 D = Time resting spent in this place.
 E = Time spent auto-exploring this place.
 F = Levels seen in this place.
 G = Mean time per level.
                   A        B        C        D        E       F      G
               +--------+--------+--------+--------+--------+-----+--------+
         Total |   1508 |   1463 |     45 |      0 |    902 |   3 |  502.7 |
       Dungeon |   1508 |   1463 |     45 |      0 |    902 |   3 |  502.7 |
               +--------+--------+--------+--------+--------+-----+--------+

Top non-repeatable levels by time:
     D:1: 667 daAuts
     D:2: 650 daAuts
     D:3: 191 daAuts
